 Dungeon Crawl Stone Soup version 0.27-a0-1590-g15f69828bf (webtiles) character file.

Game seed: 18045819763386955693

3082 Zonian the Conjurer (level 9, -4/45 HPs)
             Began as a Vine Stalker Conjurer on July 19, 2021.
             Was a Follower of Uskayaw.
             Slain by an orc warrior (6 damage)
             ... on level 7 of the Dungeon.
             The game lasted 00:16:23 (11104 turns).

Zonian the Conjurer (Vine Stalker Conjurer)        Turns: 11104, Time: 00:16:24

Health: -4/45      AC:  4    Str: 11    XL:     9   Next: 89%
Magic:  0/19       EV: 13    Int: 24    God:    Uskayaw [*.....]
Gold:   279        SH:  0    Dex: 15    Spells: 17/20 levels left

rFire    . . .     SeeInvis .   A - +8 whip "Snakebite" {venom, curare, rPois}
rCold    . . .     Faith    .   (no shield)
rNeg     . . .     Spirit   +   a - +2 robe
rPois    +         Reflect  .   (no helmet)
rElec    .         Harm     .   (no cloak)
rCorr    .         Rampage  .   (no gloves)
Will     ++...                  (no boots)
Stlth    +++.......             (no amulet)
HPRegen  1.15/turn              g - +6 ring of intelligence
MPRegen  0.16/turn              o - ring of willpower

@: no status effects
A: fangs 3, regeneration 1, magic shield, antimagic bite, no potion heal 2
a: Renounce Religion, Stomp


You were on level 7 of the Dungeon.
You worshipped Uskayaw.
Uskayaw was noncommittal.
You visited 2 branches of the dungeon, and saw 8 of its levels.

You collected 279 gold pieces.

Inventory:

Hand Weapons
 d - a +0 dagger
 j - a +3 vampiric short sword
 n - a +0 short sword of venom
 w - a +3 war axe
 A - the +8 whip "Snakebite" (weapon) {venom, curare, rPois}
   (You found it on level 6 of the Dungeon)

   It poisons the flesh of those it strikes.
   It occasionally inflicts asphyxiating poison on those it strikes, dealing
   poison damage and causing slowness.
   rPois:     It protects you from poison.
 F - a +0 short sword of protection
Armour
 a - a +2 robe (worn)
Jewellery
 g - a +6 ring of intelligence (left hand)
 h - an amulet of faith
 o - a ring of willpower (right hand)
 q - a ring of flight
 u - a ring of ice
 y - a ring of wizardry
Wands
 r - a wand of flame (24)
 t - a wand of polymorph (6)
 x - a wand of charming (6)
 D - a wand of iceblast (13)
Scrolls
 c - a scroll of enchant armour
 B - 2 scrolls of identify
 C - a scroll of magic mapping
Potions
 e - 2 potions of resistance {unknown}
 f - 3 potions of brilliance
 k - 2 potions of mutation {unknown}
 l - 3 potions of might
 m - a potion of invisibility {unknown}
 p - 2 potions of curing
 s - a potion of berserk rage {unknown}
 v - a potion of attraction {unknown}
 z - a potion of lignification {unknown}
 E - a potion of ambrosia {unknown}
 G - a potion of heal wounds {unknown}


   Skills:
 + Level 4.0 Fighting
 - Level 3.9 Short Blades
 * Level 4.0 Maces & Flails
 + Level 4.0 Dodging
 + Level 6.2 Stealth
 + Level 6.4 Spellcasting
 + Level 7.3 Conjurations
 + Level 0.5 Evocations


You had 17 spell levels left.
You knew the following spells:

 Your Spells              Type           Power      Damage    Failure   Level
a - Magic Dart            Conj           100%       1d8       1%          1
b - Searing Ray           Conj           86%        3d6       1%          2

Your spell library contained the following spells:

 Spells                   Type           Power      Damage    Failure   Level
 Dazzling Flash           Conj/Hex       50%        N/A       4%          3
 Fulminant Prism          Conj/Hex       12%        3d9       17%         4
 Iskenderun's Mystic Bla  Conj/Tloc      25%        2d7       17%         4
 Starburst                Conj/Fire      12%        8x6d5     95%         6


Dungeon Overview and Level Annotations

Branches:
Dungeon (7/15)             Temple (1/1) D:6

Altars:
Ashenzari
Dithmenos
Elyvilon
Fedhas
Gozag
Hepliaklqana
Kikubaaqudgha
Nemelex Xobeh
Okawaru
Qazlal
Ru
Sif Muna
Trog
Uskayaw
Vehumet
Wu Jian
Xom
Yredelemnul
The Shining One

Shops:
D:1 *


Innate Abilities, Weirdness & Mutations

You have razor-sharp teeth.
Your natural rate of healing is unusually fast.
When hurt, damage is shared between your health and your magic reserves.
Your bite disrupts and absorbs the magic of your enemies.
Potions cannot restore your health.


Message History

Your orc wizard dissolves into shadows!
There is a stone staircase leading down here.
The swamp worm fires a harpoon shot at you.
The harpoon shot hits you!!
You are yanked forward by the harpoon shot.
Unknown command.
Casting: Searing Ray (safe; 1% risk of failure)
Confirm with . or Enter, or press ? or * to list all spells.
Aiming: Searing Ray (safe; 1% risk of failure)
Press: ? - help, Shift-Dir - straight line, f - swamp worm
Aim: a swamp worm (lightly wounded, 77% to hit)
Okay, then.
The swamp worm fires a harpoon shot at you.
The harpoon shot hits you!!
You are yanked forward by the harpoon shot.
The orc warrior misses you.
Unknown command.
Okay, then.
Casting: Searing Ray (safe; 1% risk of failure)
Confirm with . or Enter, or press ? or * to list all spells.
Aiming: Searing Ray (safe; 1% risk of failure)
Press: ? - help, Shift-Dir - straight line, f - swamp worm
Aim: a swamp worm (lightly wounded, 77% to hit)
Okay, then.
Casting: Searing Ray (safe; 1% risk of failure)
Confirm with . or Enter, or press ? or * to list all spells.
Aiming: Searing Ray (safe; 1% risk of failure)
Press: ? - help, Shift-Dir - straight line, f - swamp worm
Aim: a swamp worm (lightly wounded, 77% to hit)
The searing ray hits the swamp worm!
The swamp worm is heavily wounded. (Press . to maintain the ray.)
The swamp worm bites you but does no damage.
The orc warrior closely misses you.
The searing ray hits the swamp worm.
The swamp worm is heavily wounded.
The swamp worm bites you!!
* * * LOW HITPOINT WARNING * * *
The orc warrior hits you from afar with a +0 trident!
You die...

.).### ....#######...........<...
..)..# #.....#.#.###.............
.....###.........................
.o.#...w.........................
.o.##..>...........##............
...##.##...##.##..###.....##.....
...w)..#..## #..# #....#####...
...o####.##### #..#.#....# #...
....# #.o...###@.....# .... ...##
#.##....w....### ....
....#######....o....#. ....
...##...##............. #...
....#...............### ###...
..#.#................# ......
..#.............#....## ##......
................#..[..####(.##...
..............##...[)...........#


You could see a swamp worm and an orc warrior.

Vanquished Creatures
  Pikel (D:6)
  2 steam dragons
  Menkaure (D:4)
  A water moccasin (D:5)
  A black bear (D:7)
  An orc warrior (D:7)
  An ice beast (D:6)
  A sky beast (D:6)
  4 ogres
  A phantom (D:4)
  A lemure (D:6)
  3 scorpions
  A water moccasin zombie (D:5)
  A wyvern skeleton (D:6)
  A water moccasin skeleton (D:4)
  A howler monkey (D:4)
  A centaur zombie (D:7)
  A hound (D:4)
  2 jellies (D:6)
  A gnoll shaman (D:7)
  An orc priest (D:5)
  3 orc wizards (D:7)
  4 iguanas
  Natasha (thrice) (D:3)
  A howler monkey zombie (D:5)
  A howler monkey skeleton (D:4)
  8 gnolls
  5 adders
  A white imp (D:7)
  An ufetubus (D:7)
  An adder zombie (D:5)
  A worm (D:4)
  A dart slug (D:2)
  12 orcs
  11 ball pythons
  5 endoplasms
  2 giant cockroaches
  8 hobgoblins
  12 jackals
  5 kobolds
  3 quokkas
  7 bats
  6 goblins
  4 rats
133 creatures vanquished.

Vanquished Creatures (collateral kills)
  Maggie (D:7)
  An ice beast (D:7)
2 creatures vanquished.

Vanquished Creatures (others)
  An orc (D:6)
  4 plants (D:7)
5 creatures vanquished.

Grand Total: 140 creatures vanquished

Notes
Turn   | Place    | Note
-------+----------+-------------------------------------------
     0 | D:1      | Zonian the Vine Stalker Conjurer began the quest for the
                  | Orb.
     0 | D:1      | Reached XP level 1. HP: 9/9 MP: 4/4
   675 | D:1      | Reached XP level 2. HP: 13/13 MP: 4/6
   678 | D:1      | Learned a level 2 spell: Searing Ray
  1323 | D:1      | You fall into a shaft and drop 1 floor!
  1607 | D:1      | Found Usask's General Store.
  1882 | D:1      | Reached XP level 3. HP: 16/16 MP: 2/7
  3617 | D:3      | Found a faded altar of an unknown god.
  3875 | D:3      | Gained mutation: Your natural rate of healing is unusually
                  | fast. [Vine Stalker growth]
  3875 | D:3      | Reached XP level 4. HP: 21/21 MP: 5/9
  4029 | D:3      | Noticed Natasha
  4036 | D:3      | Killed Natasha
  4037 | D:3      | Reached skill level 5 in Conjurations
  4572 | D:3      | Noticed Natasha
  4577 | D:3      | Killed Natasha
  4790 | D:3      | Noticed Natasha
  4797 | D:3      | Killed Natasha
  4798 | D:3      | Reached XP level 5. HP: 24/24 MP: 5/10
  4967 | D:4      | Noticed a phantom
  4985 | D:4      | Killed a phantom
  4986 | D:4      | Reached skill level 1 in Short Blades
  5197 | D:4      | Reached XP level 6. HP: 20/29 MP: 4/12
  5491 | D:4      | Reached skill level 1 in Fighting
  5671 | D:4      | Reached XP level 7. HP: 33/33 MP: 10/14
  5886 | D:4      | Reached skill level 6 in Conjurations
  6254 | D:4      | Noticed Menkaure
  6259 | D:4      | Killed Menkaure
  6516 | D:5      | Entered Level 5 of the Dungeon
  6535 | D:5      | Gained mutation: You have razor-sharp teeth. [Vine Stalker
                  | growth]
  6535 | D:5      | Reached XP level 8. HP: 39/39 MP: 8/16
  6727 | D:5      | Reached skill level 5 in Spellcasting
  6808 | D:5      | Found an opulent altar of Gozag.
  6842 | D:5      | HP: 1/39 [poisoned by a water moccasin]
  8725 | D:6      | Found the +10 Black Knight's barding {ponderous, rPois rN+}
  8766 | D:6      | Found the +8 whip "Snakebite" {venom, curare, rPois}
  8822 | D:6      | Noticed Pikel
  9486 | D:6      | Reached skill level 5 in Stealth
  9486 | D:6      | Reached XP level 9. HP: 15/43 MP: 6/18
  9660 | D:6      | Killed Pikel
  9661 | D:6      | Reached skill level 7 in Conjurations
  9820 | D:6      | Found a staircase to the Ecumenical Temple.
  9831 | Temple   | Entered the Ecumenical Temple
 10162 | Temple   | Became a worshipper of Uskayaw the Reveller
 10282 | D:6      | Reached * piety under Uskayaw
 10475 | D:7      | Reached ** piety under Uskayaw
 10535 | D:7      | Reached *** piety under Uskayaw
 10538 | D:7      | Reached **** piety under Uskayaw
 10791 | D:7      | Noticed Maggie
 11075 | D:7      | Killed Maggie
 11104 | D:7      | HP: 2/45 [swamp worm (17)]
 11104 | D:7      | Slain by an orc warrior

Illustrated notes

Levels and vault maps discovered:
D:1:      nagdon_arrival_double_spiral, layout_loops_ring, serial_shops, shop,
          minmay_tromino_v4_b
D:2:      minmay_skewed_foursquare, layout_loops_ring
D:3:      layout_rooms, ebering_ecumenical_altar_webs, uniq_natasha
D:4:      layout_rooms, minmay_circle_x, uniq_menkaure
D:5:      layout_rooms, mainiacjoe_overflow_paths
D:6:      layout_gridville, minmay_temple_entry_nine_rooms, uniq_pikel
D:7:      layout_cave_pools, mainiacjoe_overflow_alcove_1, slow_altar_1,
          worms_lemuel, uniq_maggie
Temple:   dpeg_five_rooms_temple

Skill      XL: |  1  2  3  4  5  6  7  8  9 |
---------------+----------------------------+-----
Stealth        | 3 4 5 6 |  6.2
Conjurations   | 5 6 7 |  7.3
Spellcasting   | 3 4 5 6 |  6.4
Short Blades   | 1 2 3 |  3.9
Fighting       | 1 2 4 |  4.0
Dodging        | 2 3 4 |  4.0
Maces & Flails | 4 |  4.0
Evocations     | |  0.5

Action                   |  1- 3 |  4- 6 |  7- 9 || total
-------------------------+-------+-------+-------++-------
Melee: Dagger            |    13 |       |       ||    13
       Bite              |     2 |     9 |    29 ||    40
       Short sword       |     1 |    22 |    68 ||    91
       Whip              |       |       |    75 ||    75
 Cast: Magic Dart        |    87 |    51 |    91 ||   229
       Searing Ray       |       |     5 |    13 ||    18
Evoke: Wand              |       |       |     5 ||     5
  Use: Scroll            |     4 |     2 |     6 ||    12
       Potion            |       |       |     2 ||     2
 Stab: Sleeping          |     1 |     1 |     3 ||     5
       Paralysed         |       |       |     1 ||     1
Armor: Robe              |     7 |     4 |    26 ||    37
Dodge: Dodged            |    14 |    19 |   100 ||   133

Table legend: (Time is in decaauts)
 A = Elapsed time spent in this place.
 B = Non-inter-level travel time spent in this place.
 C = Inter-level travel time spent in this place.
 D = Time resting spent in this place.
 E = Time spent auto-exploring this place.
 F = Levels seen in this place.
 G = Mean time per level.
                   A        B        C        D        E       F      G
               +--------+--------+--------+--------+--------+-----+--------+
         Total |  11134 |  10952 |    182 |   6020 |   3676 |   8 | 1391.8 |
       Dungeon |  10751 |  10621 |    130 |   6020 |   3424 |   7 | 1535.9 |
        Temple |    383 |    331 |     52 |      0 |    252 |   1 |  383.0 |
               +--------+--------+--------+--------+--------+-----+--------+

Top non-repeatable levels by time:
     D:6: 2131 daAuts
     D:1: 2115 daAuts
     D:3: 1554 daAuts
     D:2: 1526 daAuts
     D:5: 1431 daAuts
     D:4: 1353 daAuts
     D:7: 637 daAuts
  Temple: 383 daAuts
